 Dungeon Sprint DCSS version 0.17-a0-1691-g18a3847 (webtiles) character file.

38857 Kidiri the Unseen (level 12, -5/51 HPs)
             Began as a Spriggan Enchanter on Aug 20, 2015.
             Was the Champion of Dithmenos.
             Killed by the air
             ... invoked by Gastronok
              (37 damage)
             ... in the Dungeon (Sprint III: "The Ten Rune Challenge").
             The game lasted 00:17:45 (4461 turns).

Kidiri the Unseen (Spriggan Enchanter)              Turns: 4461, Time: 00:17:45

Health: -5/51      AC:  4    Str:  4    XL:     12   Next: 93%
Magic:  24/33      EV: 37    Int: 19    God:    Dithmenos [******]
Gold:   35         SH:  0    Dex: 19    Spells: 11 memorised, 4 levels left

rFire  . . .     SeeInvis +     a - +1 dagger
rCold  + . .     Clarity  .     b - +2 robe
rNeg   . . .     SustAt   .     (shield restricted)
rPois  .         Gourm    .     (helmet restricted)
rElec  .         Spirit   .     (no cloak)
rCorr  .         Warding  .     (gloves unavailable)
rMut   .         NoTele   +     (boots unavailable)
MR     ++...                    (no amulet)
Stlth  +++++++++.               (no ring)
                                (no ring)

@: very slightly contaminated, wreathed by umbra, very quick, very resistant to
hostile enchantments, incredibly stealthy
A: unfitting armour, repulsion field 1, see invisible, cold resistance 1,
herbivore 3, speed 3, slow metabolism 2
a: Shadow Step, Shadow Form, Renounce Religion
}: 1/10 runes: serpentine


You were in the Dungeon.
You worshipped Dithmenos.
Dithmenos was exalted by your worship.
You were not hungry.

You visited 1 branch You collected 35 gold pieces.

Inventory:

Hand weapons
 a - a +1 dagger (weapon)
Armour
 b - a +2 robe (worn)
 i - a +0 robe
Magical devices
 q - a wand of polymorph (10)
Scrolls
 j - a scroll of blinking
 m - a scroll of identify
 n - a scroll of remove curse
 p - a scroll of torment
Potions
 e - a potion of brilliance {unknown}
 f - 2 potions of heal wounds
 g - 2 potions of haste
 h - a potion of magic
 k - a potion of berserk rage
 l - 3 potions of might
 o - 2 potions of flight
 r - 3 potions of cure mutation
Comestibles
 c - 25 royal jellies
 d - 6 fruits


   Skills:
 + Level 11.4 Short Blades
 * Level 19.2 Dodging
 * Level 20.6 Stealth
 * Level 16.6 Spellcasting
 + Level 7.6 Conjurations
 + Level 12.7 Hexes
 + Level 7.9 Summonings
 + Level 12.9 Translocations
 + Level 8.5 Ice Magic
 - Level 3.1 Invocations


You had 4 spell levels left.
You knew the following spells:

 Your Spells              Type           Power        Failure   Level  Hunger
a - Corona                Hex            ######.      1%          1    None
b - Ensorcelled Hibernat  Hex/Ice        ######       1%          2    None
c - Confuse               Hex            ######..     1%          3    None
d - Tukima's Dance        Hex            ######..     1%          3    None
e - Dazzling Spray        Conj/Hex       ######..     1%          3    None
f - Recall                Summ/Tloc      N/A          1%          3    None
g - Summon Mana Viper     Hex/Summ       ######..     1%          5    ###....
h - Summon Forest         Summ/Tloc      ######....   1%          5    ###....
i - Aura of Abjuration    Summ           #####.....   4%          5    ###....
j - Shadow Creatures      Summ           N/A          4%          5    ###....
k - Summon Demon          Summ           #####.....   4%          5    ###....


Dungeon Overview and Level Annotations

Branches:
Dungeon (1/1)

Altars:
Cheibriados
Dithmenos
Elyvilon
Fedhas
Gozag
Kikubaaqudgha
Makhleb
Nemelex Xobeh
Okawaru
Qazlal
Ru
Sif Muna
Trog
Vehumet
Xom
Yredelemnul
Zin
The Shining One
Jiyva
Lugonu

Shops:
D %:([%:

Annotations:
D Gastronok, Lernaean hydra


Innate Abilities, Weirdness & Mutations

You are tiny and cannot use many weapons and most armour.
You have supernaturally acute eyesight.
You are a herbivore.
You cover ground extremely quickly.
You need consume almost no food.
You are surrounded by a mild repulsion field (EV +2).
Your flesh is cold resistant.


Message History

Unknown command.
Unknown command.
Unknown command.
You close the door.
You enter the shallow water.
Moving in this stuff is going to be slow.
You aren't carrying or standing over any spellbooks.
Unknown command.
Unknown command.
Casting: Dazzling Spray
Confirm with . or Enter, or press ? or * to list all spells.
Okay, then.
Unknown command.
Drink which item? (? for menu, Esc to quit)
Magic courses through your body.
The elephant trumpets!
Gastronok waves his eye-stalks in wide circles.
The air twists around and strikes you!
Ouch! That really hurt!
You die...

▓.###..##..####...#...##
▓#.....##..###....#.⌠.#_
###..##...##.....#...#_
##..##....#......#+###_
#..###..##.#.....#.)?#_
#..# #..#####....#___#_
▓▓▓▓▓▓▓▓▓▓▓▓▓▓▓▓▓▓▓▓▓▓▓
▓..†+.≈≈w≈.≈≈≈♣♣.....♣♣
▓..Y#≈@§§§§§≈≈♣♣.≈≈≈≈+♣
▓...#.≈§§§§≈≈≈≈'....%#.
▓...#≈§§§§§≈≈≈♣♣♣♣♣♣♣#.
▓...#≈≈≈.≈≈Y≈≈♣ ##
▓##+####'#######♣ ♣♣♣
▓.....§§....)...♣♣ ♣..
▓#+#############'♣ ♣♣.
.JJ#≈P..........♣ ♣.
▓J..+≈≈...########♣♣ ♣♣


You could see Gastronok and an elephant.

Vanquished Creatures
  Rupert (D)
  Maud (D)
  A dire elephant (D)
  A naga warrior (D)
  2 hydras (D)
  3 anacondas (D)
  Erica (D)
  A centaur warrior (D)
  4 death yaks (D)
  An unseen horror (D)
  A spriggan druid (D)
  A death drake (D)
  A lindwurm (D)
  2 swamp dragons (D)
  An elephant (D)
  6 black mambas (D)
  A guardian serpent (D)
  2 spiny frogs (D)
  A fire drake (D)
  3 wandering mushrooms (D)
  A komodo dragon (D)
  A deep elf priest (D)
  A queen bee (D)
  8 blink frogs (D)
  2 spriggans (D)
  A shadow (D)
  3 redbacks (D)
  A spatial vortex (D)
  3 water moccasins (D)
  2 nagas (D)
  3 swamp drakes (D)
  A necrophage (D)
  2 centaurs (D)
  2 brain worms (D)
  A water elemental (D)
  32 killer bees (D)
  An electric eel (D)
  A jelly (D)
  Jessica (D)
  A necromancer (D)
  A wizard (D)
  A kobold demonologist (D)
  3 humans (D)
  2 adders (D)
  2 oozes (D)
  A phantom (D)
  7 plants (D)
120 creatures vanquished.

Vanquished Creatures (collateral kills)
  A greater naga (D)
  An earth elemental (D)
2 creatures vanquished.

Vanquished Creatures (others)
  A deep elf blademaster (D)
  2 draconian scorchers (D)
  Nessos (D)
  A skeletal warrior (D)
  3 ball lightnings (D)
  2 hornets (D)
  3 yaktaurs (D)
  2 spriggan defenders (D)
  4 orc priests (D)
  5 ballistomycetes (D)
  5 giant spores (D)
  34 plants (D)
63 creatures vanquished.

Grand Total: 185 creatures vanquished

Notes
Turn   | Place    | Note
--------------------------------------------------------------
     0 | D        | Kidiri the Spriggan Enchanter began the quest for the Orb.
     0 | D        | Reached XP level 1. HP: 9/9 MP: 5/5
     9 | D        | Reached skill level 5 in Stealth
    17 | D        | Reached XP level 2. HP: 4/13 MP: 5/7
    21 | D        | Learned a level 2 spell: Ensorcelled Hibernation
   132 | D        | Killed a yaktaur
   232 | D        | Killed a white draconian scorcher
   306 | D        | Noticed Jessica
   312 | D        | Killed Jessica
   312 | D        | Reached skill level 5 in Dodging
   312 | D        | Reached skill level 6 in Stealth
   312 | D        | Reached XP level 3. HP: 16/16 MP: 8/10
   340 | D        | Learned a level 3 spell: Confuse
   340 | D        | Killed a white draconian scorcher
   344 | D        | Learned a level 3 spell: Tukima's Dance
   364 | D        | Reached skill level 7 in Stealth
   364 | D        | Reached skill level 1 in Ice Magic
   379 | D        | Gained mutation: Your flesh is cold resistant. [potion of mutation]
   379 | D        | Gained mutation: You expend magic power (3 MP) to strengthen your wands. [potion of mutation]
   380 | D        | Gained mutation: You are robust (+10% HP). [potion of mutation]
   380 | D        | Gained mutation: You are clumsy. (Dex -2) [potion of mutation]
   380 | D        | Gained mutation: You are very robust (+20% HP). [potion of mutation]
   381 | D        | Gained mutation: You are surrounded by a mild repulsion field (EV +2). [potion of mutation]
   381 | D        | Lost mutation: You are very robust (+20% HP). [potion of mutation]
   382 | D        | Lost mutation: You are clumsy. (Dex -2) [potion of cure mutation]
   382 | D        | Lost mutation: You are robust (+10% HP). [potion of cure mutation]
   382 | D        | Lost mutation: You expend magic power (3 MP) to strengthen your wands. [potion of cure mutation]
   393 | D        | Noticed a water elemental
   408 | D        | Killed a water elemental
   408 | D        | Reached skill level 8 in Stealth
   408 | D        | Reached skill level 5 in Spellcasting
   408 | D        | Reached skill level 5 in Hexes
   408 | D        | Reached XP level 4. HP: 9/21 MP: 10/12
   612 | D        | Learned a level 3 spell: Dazzling Spray
   726 | D        | Noticed a jelly
   727 | D        | Noticed a shadow
   729 | D        | Killed a shadow
   729 | D        | Reached skill level 10 in Stealth
   729 | D        | Reached skill level 1 in Conjurations
   729 | D        | Reached XP level 5. HP: 24/24 MP: 12/15
   729 | D        | Reached XP level 6. HP: 28/28 MP: 13/17
   733 | D        | Killed a jelly
   758 | D        | Found a stormy altar of Qazlal.
   759 | D        | Found a sacrificial altar of Ru.
   759 | D        | Found a burning altar of Makhleb.
   759 | D        | Found a viscous altar of Jiyva.
   759 | D        | Found a shimmering altar of Xom.
   759 | D        | Found a shadowy altar of Dithmenos.
   759 | D        | Found a sparkling altar of Nemelex Xobeh.
   759 | D        | Found a corrupted altar of Lugonu.
   759 | D        | Found an opulent altar of Gozag.
   759 | D        | Noticed a spatial vortex
   763 | D        | Became a worshipper of Dithmenos the Shadowed
   765 | D        | Killed a spatial vortex
   765 | D        | Reached skill level 5 in Short Blades
   765 | D        | Reached skill level 11 in Stealth
   765 | D        | Reached skill level 1 in Invocations
   789 | D        | Found a radiant altar of Vehumet.
   790 | D        | Found a deep blue altar of Sif Muna.
   790 | D        | Found an ancient bone altar of Kikubaaqudgha.
   790 | D        | Noticed a wizard
   791 | D        | Killed a wizard
   793 | D        | Reached skill level 10 in Dodging
   809 | D        | Learned a level 3 spell: Recall
   815 | D        | Learned a level 5 spell: Summon Mana Viper
   929 | D        | Found a glowing silver altar of Zin.
   930 | D        | Found a glowing golden altar of the Shining One.
   930 | D        | Found a white marble altar of Elyvilon.
   930 | D        | Noticed a deep elf priest
   932 | D        | Killed a deep elf priest
   932 | D        | Reached skill level 1 in Summonings
   932 | D        | Reached XP level 7. HP: 32/32 MP: 18/20
   943 | D        | Found an iron altar of Okawaru.
   944 | D        | Found a bloodstained altar of Trog.
   944 | D        | Noticed a human
   944 | D        | Noticed a human
   946 | D        | Killed a human
   946 | D        | Reached skill level 12 in Stealth
   947 | D        | Killed a human
   965 | D        | Found a snail-covered altar of Cheibriados.
   965 | D        | Noticed a necrophage
   966 | D        | Found a basalt altar of Yredelemnul.
   966 | D        | Found a blossoming altar of Fedhas.
   966 | D        | Noticed a necromancer
   967 | D        | Killed a necrophage
   967 | D        | Acquired Dithmenos's first power
   967 | D        | Reached XP level 8. HP: 36/36 MP: 22/22
   968 | D        | Killed a necromancer
   978 | D        | Learned a level 5 spell: Summon Forest
  1056 | D        | Noticed Erica
  1058 | D        | Killed Erica
  1058 | D        | Reached skill level 13 in Stealth
  1058 | D        | Reached skill level 10 in Spellcasting
  1058 | D        | Reached skill level 5 in Translocations
  1068 | D        | Noticed an earth elemental
  1099 | D        | Killed an earth elemental
  1128 | D        | Noticed a centaur
  1128 | D        | Noticed a centaur warrior
  1128 | D        | Noticed a centaur
  1130 | D        | Killed a centaur
  1132 | D        | Killed a centaur warrior
  1132 | D        | Acquired Dithmenos's second power
  1132 | D        | Reached skill level 14 in Stealth
  1132 | D        | Reached skill level 5 in Ice Magic
  1132 | D        | Reached XP level 9. HP: 39/39 MP: 23/25
  1133 | D        | Killed a centaur
  1148 | D        | Noticed an unseen horror
  1150 | D        | Killed an unseen horror
  1166 | D        | Learned a level 5 spell: Aura of Abjuration
  1166 | D        | Noticed a killer bee
  1166 | D        | Noticed a killer bee
  1166 | D        | Noticed a killer bee
  1166 | D        | Noticed a killer bee
  1166 | D        | Noticed a killer bee
  1166 | D        | Noticed a killer bee
  1166 | D        | Noticed a killer bee
  1166 | D        | Noticed a killer bee
  1166 | D        | Noticed a killer bee
  1166 | D        | Noticed a killer bee
  1166 | D        | Noticed a killer bee
  1166 | D        | Noticed a killer bee
  1166 | D        | Noticed a killer bee
  1166 | D        | Noticed a queen bee
  1166 | D        | Noticed a killer bee
  1167 | D        | Noticed a killer bee
  1167 | D        | Noticed a killer bee
  1167 | D        | Noticed a killer bee
  1167 | D        | Noticed a killer bee
  1167 | D        | Noticed a killer bee
  1167 | D        | Noticed a killer bee
  1167 | D        | Noticed a killer bee
  1167 | D        | Noticed a killer bee
  1167 | D        | Noticed a killer bee
  1167 | D        | Noticed a killer bee
  1167 | D        | Noticed a killer bee
  1167 | D        | Noticed a killer bee
  1167 | D        | Noticed a killer bee
  1167 | D        | Noticed a killer bee
  1167 | D        | Noticed a killer bee
  1167 | D        | Noticed a killer bee
  1167 | D        | Noticed a killer bee
  1167 | D        | Noticed a killer bee
  1168 | D        | Killed a killer bee
  1171 | D        | Killed a killer bee
  1173 | D        | Killed a killer bee
  1173 | D        | Acquired Dithmenos's third power
  1175 | D        | Killed a killer bee
  1177 | D        | Killed a killer bee
  1183 | D        | Killed a killer bee
  1185 | D        | Killed a killer bee
  1187 | D        | Killed a killer bee
  1189 | D        | Killed a killer bee
  1189 | D        | Acquired Dithmenos's fourth power
  1191 | D        | Killed a killer bee
  1193 | D        | Killed a killer bee
  1195 | D        | Killed a killer bee
  1424 | D        | Killed a killer bee
  1426 | D        | Killed a killer bee
  1429 | D        | Killed a killer bee
  1431 | D        | Killed a killer bee
  1431 | D        | Reached skill level 15 in Stealth
  1434 | D        | Killed a killer bee
  1436 | D        | Killed a killer bee
  1441 | D        | Killed a killer bee
  1441 | D        | Reached XP level 10. HP: 36/44 MP: 10/27
  1443 | D        | Killed a killer bee
  1445 | D        | Killed a killer bee
  1447 | D        | Killed a killer bee
  1449 | D        | Killed a killer bee
  1451 | D        | Killed a killer bee
  1453 | D        | Killed a killer bee
  1693 | D        | Killed a killer bee
  1697 | D        | Killed a killer bee
  1699 | D        | Killed a killer bee
  1701 | D        | Killed a killer bee
  1703 | D        | Killed a killer bee
  1705 | D        | Killed a killer bee
  1707 | D        | Killed a killer bee
  1709 | D        | Killed a queen bee
  1782 | D        | Killed a yaktaur
  1888 | D        | Noticed a wandering mushroom
  1889 | D        | Noticed a wandering mushroom
  1889 | D        | Noticed a wandering mushroom
  1890 | D        | Killed a wandering mushroom
  1890 | D        | Reached skill level 5 in Conjurations
  1892 | D        | Killed a wandering mushroom
  1893 | D        | Killed a wandering mushroom
  1931 | D        | Noticed a spiny frog
  1931 | D        | Noticed a komodo dragon
  1931 | D        | Noticed a spiny frog
  2226 | D        | Killed a spiny frog
  2226 | D        | Reached skill level 16 in Stealth
  2228 | D        | Killed a spiny frog
  2230 | D        | Killed a komodo dragon
  2230 | D        | Reached skill level 15 in Dodging
  2230 | D        | Reached skill level 10 in Hexes
  2230 | D        | Reached skill level 5 in Summonings
  2291 | D        | Noticed a redback
  2295 | D        | Killed a redback
  2301 | D        | Noticed a brain worm
  2303 | D        | Killed a brain worm
  2328 | D        | Noticed a brain worm
  2330 | D        | Killed a brain worm
  2333 | D        | Noticed a lindwurm
  2335 | D        | Noticed a redback
  2336 | D        | Killed a lindwurm
  2338 | D        | Killed a redback
  2346 | D        | Noticed a redback
  2347 | D        | Killed a redback
  2348 | D        | Noticed Maud
  2350 | D        | Killed Maud
  2350 | D        | Reached skill level 17 in Stealth
  2350 | D        | Reached XP level 11. HP: 47/47 MP: 29/29
  2360 | D        | Learned a level 5 spell: Shadow Creatures
  2360 | D        | Noticed an electric eel
  2361 | D        | Noticed an eight-headed hydra
  2361 | D        | Noticed a five-headed hydra
  2362 | D        | Killed an electric eel
  2366 | D        | Killed a five-headed hydra
  2366 | D        | Reached skill level 10 in Translocations
  2369 | D        | Killed an eight-headed hydra
  2560 | D        | Noticed a death drake
  2571 | D        | Killed a death drake
  2790 | D        | Found a blossoming altar of Fedhas.
  2790 | D        | Noticed a spriggan
  2790 | D        | Noticed a spriggan druid
  2790 | D        | Noticed a spriggan
  2792 | D        | Killed a spriggan druid
  2793 | D        | Killed a spriggan
  2794 | D        | Killed a spriggan
  2814 | D        | Noticed a swamp dragon
  2816 | D        | Killed a swamp dragon
  2816 | D        | Reached skill level 18 in Stealth
  2818 | D        | Noticed a swamp drake
  2818 | D        | Noticed a swamp dragon
  2820 | D        | Killed a swamp drake
  2823 | D        | Killed a swamp dragon
  2827 | D        | Noticed a swamp drake
  2828 | D        | Found Hudac's Antique Armour Emporium.
  2828 | D        | Found Kooloet's Food Shop.
  2829 | D        | Killed a swamp drake
  2835 | D        | Found Tuorigis's Book Shoppe.
  2856 | D        | Noticed a five-headed hydra
  2856 | D        | Noticed the 27-headed Lernaean hydra
  3014 | D        | Noticed a swamp drake
  3014 | D        | Noticed a fire drake
  3015 | D        | Killed a fire drake
  3017 | D        | Killed a swamp drake
  3030 | D        | Noticed a blink frog
  3031 | D        | Noticed a blink frog
  3031 | D        | Noticed a blink frog
  3031 | D        | Noticed a blink frog
  3031 | D        | Noticed a blink frog
  3032 | D        | Killed a blink frog
  3034 | D        | Killed a blink frog
  3036 | D        | Killed a blink frog
  3046 | D        | Killed a blink frog
  3046 | D        | Reached skill level 10 in Short Blades
  3049 | D        | Killed a blink frog
  3143 | D        | Noticed Rupert
  3145 | D        | Killed Rupert
  3145 | D        | Reached skill level 19 in Stealth
  3145 | D        | Reached skill level 15 in Spellcasting
  3145 | D        | Reached XP level 12. HP: 51/51 MP: 26/32
  3178 | D        | Noticed a death yak
  3179 | D        | Noticed a death yak
  3179 | D        | Noticed a blink frog
  3180 | D        | Noticed an azure jelly
  3180 | D        | Noticed a death yak
  3180 | D        | Noticed an azure jelly
  3180 | D        | Noticed a blink frog
  3180 | D        | Noticed a death yak
  3181 | D        | Killed a death yak
  3182 | D        | Killed a blink frog
  3183 | D        | Killed a death yak
  3184 | D        | Noticed a blink frog
  3184 | D        | Noticed a black mamba
  3185 | D        | Killed a death yak
  3187 | D        | Noticed a black mamba
  3188 | D        | Killed a blink frog
  3189 | D        | Killed a blink frog
  3190 | D        | Killed a death yak
  3192 | D        | Killed a black mamba
  3193 | D        | Killed a black mamba
  3212 | D        | Noticed an azure jelly
  3212 | D        | Noticed an azure jelly
  3228 | D        | Killed a yaktaur
  3232 | D        | Learned a level 5 spell: Summon Demon
  3238 | D        | Noticed a water moccasin
  3240 | D        | Noticed a black mamba
  3240 | D        | Noticed an anaconda
  3240 | D        | Noticed a black mamba
  3241 | D        | Killed a water moccasin
  3242 | D        | Noticed a black mamba
  3243 | D        | Killed an anaconda
  3245 | D        | Killed a black mamba
  3247 | D        | Killed a black mamba
  3250 | D        | Killed a black mamba
  3276 | D        | Noticed a water moccasin
  3280 | D        | Killed a water moccasin
  3282 | D        | Noticed a black mamba
  3282 | D        | Noticed an anaconda
  3282 | D        | Noticed an anaconda
  3283 | D        | Noticed a water moccasin
  3284 | D        | Killed an anaconda
  3284 | D        | Reached skill level 20 in Stealth
  3285 | D        | Killed a black mamba
  3288 | D        | Killed an anaconda
  3296 | D        | Killed a water moccasin
  3331 | D        | Noticed a naga
  3331 | D        | Noticed a naga
  3332 | D        | Noticed a naga warrior
  3332 | D        | Noticed a greater naga
  3332 | D        | Found Ishrisuv's Food Boutique.
  3332 | D        | Found Xokuniot's Book Emporium.
  3333 | D        | Killed a naga
  3334 | D        | Killed a naga
  3335 | D        | Found Raoxzas's Antique Weapon Shop.
  3336 | D        | Killed a naga warrior
  3366 | D        | Killed a greater naga
  3407 | D        | Killed a ball lightning
  3407 | D        | Killed a ball lightning
  3407 | D        | Killed a ball lightning
  3407 | D        | Killed a skeletal warrior
  3517 | D        | Noticed a guardian serpent
  3519 | D        | Killed a guardian serpent
  3521 | D        | Got a serpentine rune of Zot
  3696 | D        | Killed an orc priest
  3697 | D        | Killed an orc priest
  3697 | D        | Killed an orc priest
  3761 | D        | Killed a hornet
  4026 | D        | Killed a spriggan defender
  4060 | D        | Noticed an elephant
  4060 | D        | Noticed an elephant
  4060 | D        | Noticed a dire elephant
  4060 | D        | Noticed a dire elephant
  4060 | D        | Noticed Gastronok
  4084 | D        | Killed a hornet
  4116 | D        | Killed an orc priest
  4134 | D        | Killed a spriggan defender
  4312 | D        | Killed a deep elf blademaster
  4339 | D        | Killed Nessos
  4421 | D        | Killed a dire elephant
  4440 | D        | Killed an elephant
  4461 | D        | Killed from afar by Gastronok

Vault maps used:
D:        dungeon_sprint_mu

Action                   |  1- 3 |  4- 6 |  7- 9 | 10-12 || total
-------------------------+-------+-------+-------+-------++-------
Melee: Dagger            |    22 |     6 |    32 |   542 ||   602
 Cast: Dazzling Spray    |       |       |     1 |    38 ||    39
       Summon Mana Viper |       |       |     1 |       ||     1
       Ensorcelled Hiber |       |       |    23 |    25 ||    48
       Confuse           |       |       |       |     1 ||     1
       Summon Demon      |       |       |       |     5 ||     5
Invok: Shadow Step       |       |       |       |    16 ||    16
  Use: Scroll            |     5 |       |       |       ||     5
       Potion            |     5 |       |       |     4 ||     9
 Stab: Sleeping          |     4 |     6 |    27 |    65 ||   102
       Distracted        |       |       |     1 |       ||     1
       Invisible         |       |       |       |     1 ||     1
  Eat: Bread ration      |       |       |       |     1 ||     1
